 Dungeon Crawl Stone Soup version 0.29.1-2-gbd0b4ee654 (webtiles) character file.

Game seed: 17902279769904343945

99 qeuew the Trooper (level 4, -1/41 HPs)
             Began as a Hill Orc Fighter on Nov 14, 2022.
             Was an Initiate of Trog.
             Slain by a gnoll
             ... wielding a +0 club
             ... led by a gnoll bouda
              (8 damage)
             ... on level 3 of the Dungeon.
             The game lasted 00:02:42 (2783 turns).

qeuew the Trooper (Hill Orc Fighter)                Turns: 2783, Time: 00:02:42

Health: -1/41      AC:  7    Str: 18    XL:     4   Next: 72%
Magic:  4/4        EV:  9    Int:  8    God:    Trog [......]
Gold:   73         SH:  5    Dex: 12    Spells: 3/3 levels left

rFire   + . .      SeeInvis .   a - +1 war axe
rCold   + . .      Faith    .   c - +0 buckler
rNeg    . . .      Spirit   .   b - +0 scale mail
rPois   .          Reflect  .   (no helmet)
rElec   .          Harm     .   j - scarf {rC+ rF+}
rCorr   .          Rampage  .   (no gloves)
Will    .....                   (no boots)
Stlth   ..........              (no amulet)
HPRegen 0.13/turn               (no ring)
MPRegen 0.09/turn               (no ring)

@: no status effects
A: no striking features
a: Renounce Religion


You were on level 3 of the Dungeon.
You worshipped Trog.
Trog was noncommittal.
You visited 2 branches of the dungeon, and saw 5 of its levels.

You collected 73 gold pieces.

Inventory:

Hand Weapons
 a - a +1 war axe (weapon)
Armour
 b - a +0 scale mail (worn)
 c - a +0 buckler (worn)
 j - a scarf of resistance (worn)
Scrolls
 f - a scroll of identify
Potions
 d - a potion of might
 e - 2 potions of curing


   Skills:
 + Level 4.3 Fighting
 + Level 3.7 Axes
 + Level 3.9 Armour
 + Level 1.2 Dodging
 + Level 3.8 Shields


You had 3 spell levels left.
You didn't know any spells.
Your spell library contained the following spells:

 Spells                   Type           Power      Damage    Failure   Level
 Ensorcelled Hibernation  Hex/Ice        0%         N/A       95%         2
 Passwall                 Tmut/Erth      0%         N/A       95%         2
 Swiftness                Air            0%         N/A       99%         3


Dungeon Overview and Level Annotations

Branches:
Dungeon (4/15)             Temple (1/1) D:4

Altars:
Cheibriados
Dithmenos
Elyvilon
Fedhas
Kikubaaqudgha
Makhleb
Nemelex Xobeh
Okawaru
Qazlal
Ru
Sif Muna
Trog
Uskayaw
Vehumet
Wu Jian
Xom
Yredelemnul
Zin
The Shining One

Annotations:
D:3 2 runed translucent doors


Message History

You closely miss the gnoll. You hit the gnoll. You barely miss the gnoll.
The gnoll hits you but does no damage. You block the gnoll's attack.
The gnoll hits you with a +0 flail!
The gnoll hits you but does no damage. x2
You are too injured to fight recklessly!
You are too injured to fight recklessly!
You are too injured to fight recklessly!
You are too injured to fight recklessly!
You are too injured to fight recklessly!
You are too injured to fight recklessly!
You are too injured to fight recklessly!
You are too injured to fight recklessly!
You are too injured to fight recklessly!
You are too injured to fight recklessly!
You are too injured to fight recklessly!
You hit the gnoll.
The gnoll is moderately wounded.
You closely miss the gnoll. You hit the gnoll. x2
You block the gnoll's attack. x2; The gnoll hits you but does no damage.
The gnoll hits you with a +0 club.
* * * LOW HITPOINT WARNING * * *
Unknown command.
You feel better.
Your attacks no longer feel as feeble.
The gnoll hits you with a +0 flail. The gnoll hits you with a +0 club.
The gnoll hits you but does no damage. You block the gnoll's attack.
You hit the gnoll.
The gnoll is heavily wounded.
You hit the gnoll. x2; You hit the gnoll but do no damage.
The gnoll hits you with a +0 flail.
* * * LOW HITPOINT WARNING * * *
The gnoll hits you but does no damage. The gnoll hits you with a +0 club.
* * * LOW HITPOINT WARNING * * *
The gnoll barely misses you. The gnoll hits you with a +0 club.
* * * LOW HITPOINT WARNING * * *
The gnoll hits you but does no damage. The gnoll closely misses you.
You feel better. The gnoll barely misses you.
The gnoll hits you with a +0 flail.
* * * LOW HITPOINT WARNING * * *
The gnoll closely misses you. The gnoll hits you with a +0 club!
You die...

#.....†).≈≈≈≈≈≈.
..........≈≈≈≈≈≈≈.
#####............. #
# ...........#.#....
.# .# ...........#.#
#.# .#..#
.....####.#..#
.......
.!...........###.#..#
......##.......gg...#
......##..#....g@g.#
......##..#.######.#
#####...).# ..
#.##..# ## #.##..#
#.##... ##.#. .#. .#
#


You could see 4 gnolls.

Vanquished Creatures
  3 adders
  2 worms (D:2)
  A dart slug (D:3)
  An orc (D:3)
  A ball python (D:1)
  7 endoplasms
  3 giant cockroaches (D:2)
  4 goblins
  4 hobgoblins
  8 jackals
  5 quokkas
  4 bats
  5 frilled lizards
  4 kobolds
  7 rats
59 creatures vanquished.

Notes
Turn   | Place    | Note
-------+----------+-------------------------------------------
     0 | D:1      | qeuew the Hill Orc Fighter began the quest for the Orb.
     0 | D:1      | Reached XP level 1. HP: 19/19 MP: 1/1
   256 | D:1      | Reached XP level 2. HP: 15/27 MP: 2/2
   982 | D:1      | Found a faded altar of an unknown god.
   991 | D:1      | Reached skill level 4 in Fighting
   991 | D:1      | Reached XP level 3. HP: 30/33 MP: 3/3
  1398 | D:2      | Reached skill level 1 in Dodging
  1590 | D:2      | Reached XP level 4. HP: 29/40 MP: 4/4
  2257 | D:3      | Found a large runed translucent door.
  2257 | D:3      | Found a large runed translucent door.
  2264 | D:3      | Found a sacrificial altar of Ru.
  2392 | D:3      | You fall into a shaft and drop 1 floor!
  2392 | D:4      | Found a staircase to the Ecumenical Temple.
  2396 | Temple   | Entered the Ecumenical Temple
  2566 | Temple   | Became a worshipper of Trog the Wrathful
  2783 | D:3      | Slain by a gnoll

Illustrated notes

Levels and vault maps discovered:
D:1:      saegor_arrival_simple_e, layout_loops_corners, basic_ecumenical_altar
D:2:      layout_basic
D:3:      layout_basic, mainiacjoe_overflow_catwalk, jmf_multi_god_temple2,
          roderic_batcave, uniq_crazy_yiuf_cottage, uniq_robin
D:4:      layout_gridville, minmay_temple_entry_grid
Temple:   mainiacjoe_temple_coin_purse

Skill      XL: |  1  2  3 |
---------------+----------+-----
Axes           | 3 |  3.7
Fighting       | 4 |  4.3
Dodging        | 1 |  1.2
Armour         | |  3.9
Shields        | |  3.8

Action                   |  1- 3 |  4- 6 || total
-------------------------+-------+-------++-------
Melee: War axe           |   100 |    55 ||   155
  Use: Scroll            |     3 |     3 ||     6
       Potion            |       |     3 ||     3
Armor: Scale mail        |    45 |    37 ||    82
Dodge: Dodged            |    47 |    31 ||    78
Block: Buckler           |    20 |    28 ||    48
